 Dungeon Crawl Stone Soup version 0.14-a0-1637-gd423c14 (webtiles) character file.

3512 Mitsuki the Thaumaturge (level 9, -6/39 HPs)
             Began as a Spriggan Conjurer on Dec 25, 2013.
             Was an Initiate of Vehumet.
             Mangled by Joseph
             ... wielding a +0,+0 quarterstaff
              (16 damage)
             ... on Level 7 of the Dungeon on Dec 26, 2013.
             The game lasted 00:45:51 (11448 turns).

Mitsuki the Thaumaturge (Spriggan Conjurer)        Turns: 11448, Time: 00:45:52

HP  -6/39        AC  3     Str  7      XL: 9   Next: 64%
MP   8/31        EV 21     Int 17      God: Vehumet [......]
Gold 320         SH  0     Dex 16      Spells:  3 memorised, 22 levels left

rFire  . . .     SeeInvis +     (no weapon)
rCold  . . .     Clarity  .     a - +0 robe
rNeg   . . .     Conserve +     (shield restricted)
rPois  .         rCorr    +     (helmet restricted)
rElec  +         rRot     .     k - +0 cloak {rCorr, Cons}
SustAb . .       Spirit   .     (gloves unavailable)
rMut   .         Warding  .     (boots unavailable)
Saprov . . .     Stasis   .     (no amulet)
                                (no ring)
                                (no ring)

@: very slightly contaminated, very quick, quite resistant to hostile
enchantments, quite stealthy
A: unfitting armour, talons 1, see invisible, herbivore 3, speed 3, electricity
resistance, slow metabolism 2
a: Renounce Religion


You were on level 7 of the Dungeon.
You worshipped Vehumet.
Vehumet was noncommittal.
You were not hungry.

You visited 2 branches of the dungeon, and saw 9 of its levels.
You also visited: Sewer.

You collected 320 gold pieces.

Inventory:

Armour
 a - a +0 robe (worn)
 k - a +0 cloak of preservation (worn)
Magical devices
 g - a wand of frost (5)
 o - a wand of polymorph (10)
 r - a wand of random effects (2)
Comestibles
 i - 8 bread rations
 n - a pear
Scrolls
 d - 9 scrolls of identify
 f - 3 scrolls of remove curse
 h - a scroll of blinking {unknown}
 q - a scroll of amnesia {unknown}
 s - a scroll of fog
 u - a scroll of enchant weapon II {unknown}
 v - a scroll of enchant weapon I
 w - 2 scrolls of recharging {unknown}
 x - a scroll of acquirement {unknown}
 y - 3 scrolls of enchant armour {unknown}
 A - a scroll of magic mapping {unknown}
 B - a scroll of fear {unknown}
Potions
 b - a potion of porridge
 e - 3 potions of curing
 j - a potion of flight
 l - 2 potions of magic {unknown}
 m - a potion of agility
 p - a potion of restore abilities
 t - a potion of lignification
 z - a potion of speed {unknown}
Books
 c - a book of Conjurations

   Spells                             Type                      Level
   *Magic Dart                        Conjuration                  1
   Searing Ray                        Conjuration                  2
   *Dazzling Spray                    Conjuration/Hexes            3
   *Iskenderun's Mystic Blast         Conjuration                  4
   Iskenderun's Battlesphere          Conjuration/Charms           4
   Fulminant Prism                    Conjuration/Hexes            5


   Skills:
 + Level 5.8 Dodging
 + Level 5.8 Stealth
 + Level 11.0 Spellcasting
 + Level 7.4 Conjurations
 + Level 1.3 Hexes
 + Level 1.1 Evocations


You had 22 spell levels left.
You knew the following spells:

 Your Spells              Type           Power        Failure   Level  Hunger
a - Magic Dart            Conj           ####         1%          1    None
b - Dazzling Spray        Conj/Hex       ###.....     4%          3    None
c - Iskenderun's Mystic   Conj           ####....     4%          4    ###....


Dungeon Overview and Level Annotations

Branches:
Dungeon (8/16)             Temple (1/1) D:7
   Lair: D:8-11

Altars:
Ashenzari
Cheibriados
Elyvilon
Fedhas
Kikubaaqudgha
Makhleb
Okawaru
Sif Muna
Trog
Vehumet
Xom
Yredelemnul
Zin
the Shining One

Annotations:
D:7 Joseph


Innate Abilities, Weirdness & Mutations

You are tiny and cannot use many weapons and most armour.
You have supernaturally acute eyesight.
You are a herbivore.
You cover ground extremely quickly.
You need consume almost no food.
You have sharp toenails.
You are resistant to electric shocks.


Message History

Confirm with . or Enter, or press ? or * to list all spells.
Aiming: Iskenderun's Mystic Blast
Press: ? - help, Shift-Dir - straight line, f/p - Joseph
Aim: Joseph, wielding a quarterstaff and wearing a leather armour (moderately wounded)
The orb of energy hits Joseph.
Joseph is moderately wounded.
The orb of energy explodes!
Joseph hits you with an uncursed quarterstaff!
* * * LOW HITPOINT WARNING * * *
Casting: Iskenderun's Mystic Blast
Confirm with . or Enter, or press ? or * to list all spells.
Aiming: Iskenderun's Mystic Blast
Press: ? - help, Shift-Dir - straight line, f/p - Joseph
Aim: Joseph, wielding a quarterstaff and wearing a leather armour (moderately wounded)
The orb of energy hits Joseph.
Joseph is moderately wounded.
The orb of energy explodes!
Joseph smiles happily.
Joseph hits you with an uncursed quarterstaff!
You die...

....# ....#
>...#########################
........%...................#
............................#
.....................().....#
.........%.%................#
............................#
..>.(.(...).(..@@...........#
#########%.....##############
#..>...# #......# #....(.#
#......# #..@...# #......#
#......#


You could see Joseph.

Vanquished Creatures
  A two-headed ogre (D:7)
  A steam dragon (D:7)
  2 ice beasts
  An orc warrior (D:6)
  A sky beast (D:5)
  7 ogres
  A yellow wasp (D:6)
  2 centaurs
  A phantom (D:5)
  3 giant frogs
  A wyvern skeleton (D:7)
  4 crimson imps
  A giant frog zombie (D:5)
  A jelly (Sewer)
  4 hounds
  Crazy Yiuf (D:2)
  2 orc priests
  3 worker ants
  3 scorpions
  2 iguanas (D:5)
  A killer bee zombie (D:7)
  4 orc wizards
  17 adders
  8 gnolls
  4 worms
  22 giant mites
  A grey rat (D:5)
  An adder skeleton (D:4)
  15 giant geckos
  2 oozes
  23 orcs
  15 ball pythons
  15 giant cockroaches
  11 goblins
  12 hobgoblins
  7 jackals
  17 kobolds
  A quokka (D:7)
  10 bats
  A giant gecko skeleton (D:7)
  20 giant newts
  A giant newt skeleton (D:5)
  A goblin skeleton (D:4)
  A hobgoblin zombie (D:5)
  A kobold skeleton (D:5)
  An orc skeleton (D:5)
  21 rats
275 creatures vanquished.

Vanquished Creatures (others)
  2 butterflies (D:4)
2 creatures vanquished.

Grand Total: 277 creatures vanquished

Notes
Turn   | Place    | Note
--------------------------------------------------------------
     0 | D:1      | Mitsuki, the Spriggan Conjurer, began the quest for the Orb.
     0 | D:1      | Reached XP level 1. HP: 9/9 MP: 4/4
   156 | D:1      | Reached XP level 2. HP: 13/13 MP: 0/7
   922 | D:1      | Reached XP level 3. HP: 16/16 MP: 8/11
  1510 | D:2      | Learned a level 3 spell: Dazzling Spray
  1601 | D:2      | Noticed Crazy Yiuf
  1618 | D:2      | Killed Crazy Yiuf
  1618 | D:2      | Reached XP level 4. HP: 6/21 MP: 6/14
  1624 | D:2      | Identified a +0 cloak of preservation (You took it off Crazy Yiuf on level 2 of the Dungeon)
  2338 | D:2      | Reached skill level 4 in Spellcasting
  2699 | D:2      | Found a burning altar of Makhleb.
  3191 | D:3      | Reached XP level 5. HP: 24/24 MP: 12/18
  3730 | D:3      | Noticed a centaur
  3745 | D:3      | Killed a centaur
  3745 | D:3      | Reached skill level 5 in Spellcasting
  3771 | D:3      | Reached XP level 6. HP: 24/28 MP: 0/21
  4142 | D:3      | Gained mutation: You are clumsy. (Dex -2) [potion of mutation]
  4142 | D:3      | Gained mutation: You are resistant to electric shocks. [potion of mutation]
  4142 | D:3      | Gained mutation: You are resistant to hostile enchantments. [potion of mutation]
  4374 | D:4      | Reached skill level 1 in Hexes
  4769 | D:4      | Found a blossoming altar of Fedhas.
  4876 | D:4      | Reached XP level 7. HP: 32/32 MP: 16/23
  4959 | D:4      | Reached skill level 6 in Spellcasting
  5266 | D:4      | Reached skill level 5 in Conjurations
  5414 | D:5      | Entered Level 5 of the Dungeon
  5736 | D:5      | Lost mutation: You are resistant to hostile enchantments. [potion of mutation]
  5736 | D:5      | Lost mutation: You are clumsy. (Dex -2) [potion of mutation]
  5736 | D:5      | Gained mutation: You have sharp toenails. [potion of mutation]
  5771 | D:5      | Reached skill level 7 in Spellcasting
  6245 | D:5      | Reached XP level 8. HP: 23/36 MP: 16/27
  6316 | D:5      | Learned a level 4 spell: Iskenderun's Mystic Blast
  6710 | D:5      | Found a glowing drain.
  6732 | Sewer    | Entered a sewer
  6738 | Sewer    | Reached skill level 8 in Spellcasting
  7984 | Sewer    | Reached skill level 5 in Dodging
  7996 | Sewer    | Upgraded the game from 0.14-a0-1626-g054e7ae to 0.14-a0-1637-gd423c14
  8082 | D:6      | Reached skill level 9 in Spellcasting
  8745 | D:6      | Reached XP level 9. HP: 26/39 MP: 3/29
 10070 | D:6      | Reached skill level 10 in Spellcasting
 10433 | D:7      | Found a staircase to the Ecumenical Temple.
 10443 | Temple   | Entered the Ecumenical Temple
 10535 | Temple   | Became a worshipper of Vehumet
 10592 | D:7      | Reached skill level 5 in Stealth
 10918 | D:7      | Reached skill level 1 in Evocations
 11205 | D:7      | Noticed Joseph
 11216 | D:7      | Reached skill level 11 in Spellcasting
 11448 | D:7      | Mangled by Joseph

Action                   |  1- 3 |  4- 6 |  7- 9 || total
-------------------------+-------+-------+-------++-------
 Cast: Magic Dart        |    75 |   215 |   383 ||   673
       Dazzling Spray    |       |    13 |       ||    13
       Iskenderun's Myst |       |       |   112 ||   112
Evoke: Wand              |       |       |     2 ||     2
  Use: Potion            |       |     8 |     6 ||    14
       Scroll            |       |     7 |       ||     7
